 Dungeon Crawl Stone Soup version 0.28-a0-984-g3775c662fe (webtiles) character file.

Game seed: 17535433738104875992

54 enile the Poker (level 3, -1/29 HPs)
             Began as a Demonspawn Gladiator on Dec 3, 2021.
             Slain by a gnoll (7 damage)
             ... on level 2 of the Dungeon.
             The game lasted 00:03:48 (1728 turns).

enile the Poker (Demonspawn Gladiator)              Turns: 1728, Time: 00:03:49

Health: -1/29      AC:  4    Str: 16    XL:     3   Next: 66%
Magic:  3/3        EV: 12    Int:  9    God:
Gold:   58         SH:  0    Dex: 14    Spells: 2/2 levels left

rFire   . . .      SeeInvis .     - Unarmed
rCold   . . .      Faith    .   (no shield)
rNeg    . . .      Spirit   .   b - +0 leather armour
rPois   .          Reflect  .   c - +0 helmet
rElec   .          Harm     .   (no cloak)
rCorr   .          Rampage  .   (no gloves)
Will    .....                   (no boots)
Stlth   +.........              (no amulet)
HPRegen 0.09/turn               (no ring)
MPRegen 0.08/turn               (no ring)

@: no status effects
A: claws 2
a: no special abilities


You were on level 2 of the Dungeon.
You visited 1 branch of the dungeon, and saw 2 of its levels.

You collected 58 gold pieces.

Inventory:

Hand Weapons
 a - a +0 trident
Missiles
 d - 2 throwing nets (quivered)
Armour
 b - a +0 leather armour (worn)
 c - a +0 helmet (worn)
Scrolls
 g - a scroll of summoning {unknown}
 h - a scroll of teleportation {unknown}
Potions
 e - 2 potions of degeneration {unknown}
 f - a potion of flight {unknown}


   Skills:
 - Level 3.0 Fighting
 - Level 3.0 Polearms
 - Level 1.7 Throwing
 - Level 2.6 Dodging
 - Level 1.0 Stealth
 + Level 1.5 Unarmed Combat


You had 2 spell levels left.
You didn't know any spells.
Your spell library was empty.

Dungeon Overview and Level Annotations

Branches:
Dungeon (2/15)

Altars:


Innate Abilities, Weirdness & Mutations

You have very sharp fingernails.


Message History

The gnoll hits you from afar with a +0 halberd.
The gnoll hits you from afar with a +0 halberd!
You climb upwards.
There is a stone staircase leading down here.
You claw the goblin!
You kill the goblin!
You start resting.
HP restored.
You can't go up here!
You climb downwards.
There is a stone staircase leading up, spattered with blood here.
Throw: 3 throwing nets
Press: ? - help, Q - select action Shift-Dir - straight line, f - gnoll
Aim: a gnoll, wielding a +0 flail (63% to hit)
You throw a throwing net.
The throwing net closely misses the gnoll.
The throwing net hits the gnoll.
The gnoll is caught in the net!
The gnoll struggles against the net.
The gnoll hits you with a +0 flail.
You scratch the gnoll.
The gnoll is heavily wounded.
The gnoll struggles against the net.
The gnoll misses you.
You scratch the gnoll but do no damage.
The gnoll is heavily wounded.
The gnoll struggles against the net.
The gnoll closely misses you. The gnoll barely misses you.
The goblin hits you but does no damage.
You barely miss the goblin.
The gnoll hits you from afar with a +0 halberd.
The gnoll struggles against the net.
The gnoll closely misses you.
You claw the goblin!
You kill the goblin!
The gnoll struggles against the net.
The gnoll hits you from afar with a +0 halberd!
The gnoll hits you with a +0 flail.
* * * LOW HITPOINT WARNING * * *
You scratch the gnoll but do no damage.
The gnoll is heavily wounded.
The gnoll struggles against the net.
The net rips apart, and the gnoll comes free!
The gnoll closely misses you. The gnoll hits you with a +0 flail!
You die... ..... ..# ggg

#.#.# #.# #.# #.#.# #.#
#.# #.#.### #.# #.#
#.#...# #.# ##.# #
#..##.# #.# ##g.#
####...#.###.#####g..####
'...............g)......+
####.........###@#...##.#
# ##.##.##### #.....# #
####.# #.##### #######.#
#.# #.......# #<#
#.###...# #.. #.# #.#.#
#.# #.# #.#.# #.#
#.###.#.#


You could see 3 gnolls.

Vanquished Creatures
  Robin (D:1)
  2 ball pythons
  2 endoplasms (D:1)
  3 giant cockroaches (D:1)
  10 goblins
  3 hobgoblins (D:1)
  2 quokkas (D:1)
  4 bats (D:1)
  A frilled lizard (D:1)
  6 kobolds (D:1)
  3 rats (D:1)
37 creatures vanquished.

Notes
Turn   | Place    | Note
-------+----------+-------------------------------------------
     0 | D:1      | enile the Demonspawn Gladiator began the quest for the Orb.
     0 | D:1      | Reached XP level 1. HP: 16/16 MP: 1/1
    33 | D:1      | Reached skill level 1 in Stealth
    47 | D:1      | Gained mutation: You have sharp fingernails. [demonic
                  | ancestry]
    47 | D:1      | Reached XP level 2. HP: 9/22 MP: 2/2
  1063 | D:2      | Noticed Robin
  1074 | D:2      | Gained mutation: You have very sharp fingernails. [demonic
                  | ancestry]
  1074 | D:2      | Reached XP level 3. HP: 27/29 MP: 3/3
  1444 | D:1      | Reached skill level 1 in Unarmed Combat
  1450 | D:1      | Killed Robin
  1728 | D:2      | Slain by a gnoll

Illustrated notes

Levels and vault maps discovered:
D:1:      erik_arrival_triangle_small, layout_rooms
D:2:      layout_loops_corners, wad_orctagon, uniq_crazy_yiuf_cottage,
          uniq_natasha, uniq_robin

Skill      XL: |  1  2  3 |
---------------+----------+-----
Stealth        | 1 |  1.0
Polearms       | 3 |  3.0
Fighting       | 3 |  3.0
Unarmed Combat | 1 |  1.5
Throwing       | |  1.7
Dodging        | |  2.6

Action                   || total
-------------------------++-------
Melee: Trident           ||    26
       Unarmed           ||   109
Throw: Throwing net      ||     4
Armor: Leather armour    ||    47
Dodge: Dodged            ||   113

Table legend: (Time is in decaauts)
 A = Elapsed time spent in this place.
 B = Non-inter-level travel time spent in this place.
 C = Inter-level travel time spent in this place.
 D = Time resting spent in this place.
 E = Time spent auto-exploring this place.
 F = Levels seen in this place.
 G = Mean time per level.
                   A        B        C        D        E       F      G
               +--------+--------+--------+--------+--------+-----+--------+
         Total |   1734 |   1709 |     25 |    442 |    996 |   2 |  867.0 |
       Dungeon |   1734 |   1709 |     25 |    442 |    996 |   2 |  867.0 |
               +--------+--------+--------+--------+--------+-----+--------+

Top non-repeatable levels by time:
     D:1: 1552 daAuts
     D:2: 182 daAuts
